| TOP OF THE 1ST |
|
Birmingham Barons batting - Pitching for Northwest Arkansas Naturals : LHP Walter Whiteman
|
|
Pitching: LHP Walter Whiteman
|
|
|
Batting: SHB Jay Gagnon
|
0-0: Swinging Strike 0-1: Foul Ball, location: 2F 0-2: Foul Ball, location: 2F 0-2: Ball 1-2: Ball 2-2: Ground out 6-3 (Groundball, 6S, EV 88.8 MPH)
|
|
Batting: RHB Josiah Wright
|
0-0: Ground out 6-3 (Groundball, 6, EV 103.8 MPH)
|
|
Batting: LHB Dalton Silveira
|
0-0: Ground out 6-3 (Groundball, 56, EV 81.2 MPH)
|
| Top of the 1st over - 0 runs, 0 hits, 0 errors, 0 left on base; Birmingham 0 - Northwest Arkansas 0 |
| BOTTOM OF THE 1ST |
|
Northwest Arkansas Naturals batting - Pitching for Birmingham Barons : RHP Matt Constantino
|
|
Pitching: RHP Matt Constantino
|
|
|
Batting: SHB Ryoji Hiraoka
|
0-0: Called Strike 0-1: Ball 1-1: Called Strike 1-2: Foul Ball, location: 2F 1-2: Foul Ball, location: 2F 1-2: Ball 2-2: Fly out, F7 (Flyball, 78D, EV 90.6 MPH)
|
|
Batting: RHB Kazuki Arai
|
0-0: Ball 1-0: Fly out, F8 (Line Drive, 8RD, EV 91.9 MPH)
|
|
Batting: RHB Alex Cid
|
0-0: Ball 1-0: Ball 2-0: Fly out, F7 (Flyball, 78S, EV 78.1 MPH)
|
| Bottom of the 1st over - 0 runs, 0 hits, 0 errors, 0 left on base; Birmingham 0 - Northwest Arkansas 0 |
| TOP OF THE 2ND |
|
Birmingham Barons batting - Pitching for Northwest Arkansas Naturals : LHP Walter Whiteman
|
|
Batting: SHB Josh Conner
|
0-0: Ground out 4-3 (Groundball, 4, EV 82.5 MPH)
|
|
Batting: RHB Ethan McCullough
|
0-0: Ball 1-0: Foul Ball, location: 2F 1-1: Foul Ball, location: 2F 1-2: Fly out, F6 (Popup, 4MD, EV 67.5 MPH)
|
|
Batting: LHB Justin Stickney
|
0-0: Called Strike 0-1: Ball 1-1: Ball 2-1: Ball 3-1: Fly out, F9 (Flyball, 89S, EV 95.0 MPH)
|
| Top of the 2nd over - 0 runs, 0 hits, 0 errors, 0 left on base; Birmingham 0 - Northwest Arkansas 0 |
| BOTTOM OF THE 2ND |
|
Northwest Arkansas Naturals batting - Pitching for Birmingham Barons : RHP Matt Constantino
|
|
Batting: RHB Andy Urquhart
|
0-0: Swinging Strike 0-1: Swinging Strike 0-2: Strikes out swinging
|
|
Batting: LHB Joe Cozart
|
0-0: Ball 1-0: Swinging Strike 1-1: Called Strike 1-2: DOUBLE (Line Drive, 5D, EV 96.9 MPH)
|
|
Batting: RHB Kevin Allen
|
0-0: Called Strike 0-1: Fly out, F8 (Line Drive, 8RD, EV 99.4 MPH)
|
|
Batting: RHB Eric Erickson
|
0-0: Called Strike 0-1: Fly out, F4 (Popup, 4D, EV 49.4 MPH)
|
| Bottom of the 2nd over - 0 runs, 1 hit, 0 errors, 1 left on base; Birmingham 0 - Northwest Arkansas 0 |
| TOP OF THE 3RD |
|
Birmingham Barons batting - Pitching for Northwest Arkansas Naturals : LHP Walter Whiteman
|
|
Batting: RHB Skyler Goss
|
0-0: Ball 1-0: Swinging Strike 1-1: Ball 2-1: Foul Ball, location: 2F 2-2: Ground out U3 (Groundball, 3, EV 96.9 MPH)
|
|
Batting: RHB Kevin Chafe
|
0-0: Called Strike 0-1: Ball 1-1: Ball 2-1: Foul Ball, location: 2F 2-2: Ball 3-2: SINGLE (Groundball, 56D, EV 100.6 MPH)
|
|
Batting: RHB Toichiro Fujimoto
|
0-0: Ball 1-0: SINGLE (Groundball, 34D, EV 96.9 MPH) Kevin Chafe to second
|
|
Batting: SHB Jay Gagnon
|
0-0: Fielders Choice at 2nd, 6-4 (Groundball, 6, EV 90.6 MPH) Kevin Chafe to third
|
|
Batting: RHB Josiah Wright
|
0-0: Ball Jay Gagnon is caught stealing 2nd base 2-4
|
| Top of the 3rd over - 0 runs, 2 hits, 0 errors, 1 left on base; Birmingham 0 - Northwest Arkansas 0 |
| BOTTOM OF THE 3RD |
|
Northwest Arkansas Naturals batting - Pitching for Birmingham Barons : RHP Matt Constantino
|
|
Batting: RHB Kasey Bland
|
0-0: Ball 1-0: Called Strike 1-1: Swinging Strike 1-2: Strikes out swinging
|
|
Batting: SHB Danny Ballenger
|
0-0: Ball 1-0: Ground out 6-3 (Groundball, P, EV 81.9 MPH)
|
|
Batting: SHB Ryoji Hiraoka
|
0-0: Called Strike 0-1: Ball 1-1: Called Strike 1-2: Ball 2-2: Ball 3-2: Foul Ball, location: 2F 3-2: Strikes out looking
|
| Bottom of the 3rd over - 0 runs, 0 hits, 0 errors, 0 left on base; Birmingham 0 - Northwest Arkansas 0 |
| TOP OF THE 4TH |
|
Birmingham Barons batting - Pitching for Northwest Arkansas Naturals : LHP Walter Whiteman
|
|
Batting: RHB Josiah Wright
|
0-0: Ball 1-0: Called Strike 1-1: SINGLE (Groundball, 6D, EV 103.8 MPH)
|
|
Batting: LHB Dalton Silveira
|
0-0: Ball 1-0: Ball 2-0: Foul Ball, location: 2F 2-1: Ball 3-1: Base on Balls Josiah Wright to second
|
|
Batting: SHB Josh Conner
|
0-0: Ball Josiah Wright steals 3rd base Dalton Silveira to second 1-0: Called Strike 1-1: Swinging Strike 1-2: Ball 2-2: Ground out 5-3 (Groundball, 56S, EV 81.2 MPH) Josiah Wright scores
|
|
Batting: RHB Ethan McCullough
|
0-0: Called Strike 0-1: Ground out 6-3 (Groundball, 56, EV 101.2 MPH)
|
|
Batting: LHB Justin Stickney
|
0-0: Ground out 4-3 (Groundball, 34, EV 99.4 MPH)
|
| Top of the 4th over - 1 run, 1 hit, 0 errors, 1 left on base; Birmingham 1 - Northwest Arkansas 0 |
| BOTTOM OF THE 4TH |
|
Northwest Arkansas Naturals batting - Pitching for Birmingham Barons : RHP Matt Constantino
|
|
Batting: RHB Kazuki Arai
|
0-0: Swinging Strike 0-1: Ball 1-1: Called Strike 1-2: Fly out, F3 (Popup, 3, EV 66.2 MPH)
|
|
Batting: RHB Alex Cid
|
0-0: Called Strike 0-1: Ground out 1-3 (Groundball, 13, EV 72.5 MPH)
|
|
Batting: RHB Andy Urquhart
|
0-0: Called Strike 0-1: Ball 1-1: Called Strike 1-2: Ball 2-2: Strikes out looking
|
| Bottom of the 4th over - 0 runs, 0 hits, 0 errors, 0 left on base; Birmingham 1 - Northwest Arkansas 0 |
| TOP OF THE 5TH |
|
Birmingham Barons batting - Pitching for Northwest Arkansas Naturals : LHP Walter Whiteman
|
|
Batting: RHB Skyler Goss
|
0-0: Fly out, F6 (Popup, 6S, EV 69.4 MPH)
|
|
Batting: RHB Kevin Chafe
|
0-0: SINGLE (Line Drive, 3D, EV 102.5 MPH)
|
|
Batting: RHB Toichiro Fujimoto
|
0-0: Ball 1-0: SINGLE (Groundball, 6MD, EV 95.6 MPH) Kevin Chafe to second
|
|
Batting: SHB Jay Gagnon
|
0-0: Foul Ball, location: 2F 0-1: Ball 1-1: Ball 2-1: Foul Ball, location: 2F 2-2: Ball 3-2: Strikes out looking
|
|
Batting: RHB Josiah Wright
|
0-0: Swinging Strike 0-1: SINGLE (Groundball, 56D, EV 93.8 MPH) Kevin Chafe to third Toichiro Fujimoto to second Runner from 3rd tries for Home, throw by LF and OUT! 7-2
|
| Top of the 5th over - 0 runs, 3 hits, 0 errors, 2 left on base; Birmingham 1 - Northwest Arkansas 0 |
| BOTTOM OF THE 5TH |
|
Northwest Arkansas Naturals batting - Pitching for Birmingham Barons : RHP Matt Constantino
|
|
Batting: LHB Joe Cozart
|
0-0: Ground out 6-3 (Groundball, 6, EV 88.8 MPH)
|
|
Batting: RHB Kevin Allen
|
0-0: Called Strike 0-1: Ball 1-1: Ball 2-1: SINGLE (Line Drive, 9S, EV 94.4 MPH)
|
|
Batting: RHB Eric Erickson
|
0-0: Ball 1-0: Fielders Choice at 2nd, 1-6 (Groundball, 13, EV 60.0 MPH)
|
|
Batting: RHB Kasey Bland
|
0-0: Called Strike Eric Erickson steals 2nd, throwing error, E2 Eric Erickson to third 0-1: Ball 1-1: Ground out 6-3 (Groundball, 6, EV 101.2 MPH)
|
| Bottom of the 5th over - 0 runs, 1 hit, 1 error, 1 left on base; Birmingham 1 - Northwest Arkansas 0 |
| TOP OF THE 6TH |
|
Birmingham Barons batting - Pitching for Northwest Arkansas Naturals : LHP Walter Whiteman
|
|
Batting: LHB Dalton Silveira
|
0-0: Ball 1-0: Ground out 6-3 (Groundball, 6, EV 81.2 MPH)
|
|
Batting: SHB Josh Conner
|
0-0: Called Strike 0-1: Ball 1-1: Ball 2-1: Foul Ball, location: 2F 2-2: Ball 3-2: Foul Ball, location: 2F 3-2: Foul Ball, location: 2F 3-2: Ground out U3 (Groundball, 3, EV 83.8 MPH)
|
|
Batting: RHB Ethan McCullough
|
0-0: Ball 1-0: Ball 2-0: Foul Ball, location: 2F 2-1: Foul Ball, location: 2F 2-2: Strikes out swinging, 2-3 out at first.
|
| Top of the 6th over - 0 runs, 0 hits, 0 errors, 0 left on base; Birmingham 1 - Northwest Arkansas 0 |
| BOTTOM OF THE 6TH |
|
Northwest Arkansas Naturals batting - Pitching for Birmingham Barons : RHP Matt Constantino
|
|
Batting: SHB Danny Ballenger
|
0-0: Ground out 4-3 (Groundball, 34D, EV 97.5 MPH)
|
|
Batting: SHB Ryoji Hiraoka
|
0-0: Ball 1-0: Ball 2-0: Foul Ball, location: 2F 2-1: Foul Ball, location: 2F 2-2: Strikes out swinging
|
|
Batting: RHB Kazuki Arai
|
0-0: Ground out 1-3 (Groundball, 15S, EV 65.0 MPH)
|
| Bottom of the 6th over - 0 runs, 0 hits, 0 errors, 0 left on base; Birmingham 1 - Northwest Arkansas 0 |
| TOP OF THE 7TH |
|
Birmingham Barons batting - Pitching for Northwest Arkansas Naturals : LHP Walter Whiteman
|
|
Pitching: RHP Kevin Tumbleson
|
|
|
Batting: LHB Justin Stickney
|
0-0: Foul Ball, location: 2F 0-1: Ball 1-1: Swinging Strike 1-2: Foul Ball, location: 2F 1-2: Ball 2-2: Foul Ball, location: 2F 2-2: Ground out 4-3 (Groundball, 4, EV 89.4 MPH)
|
|
Batting: RHB Skyler Goss
|
0-0: Ball 1-0: Foul Ball, location: 2F 1-1: Foul Ball, location: 2F 1-2: Strikes out looking
|
|
Batting: RHB Kevin Chafe
|
0-0: Ball 1-0: Ball 2-0: TRIPLE (Line Drive, 9LD, EV 103.8 MPH)
|
|
Batting: RHB Toichiro Fujimoto
|
0-0: SINGLE (Line Drive, 9S, EV 104.4 MPH) Kevin Chafe scores
|
|
Batting: SHB Jay Gagnon
|
0-0: Ball 1-0: Swinging Strike 1-1: Ball 2-1: Called Strike 2-2: Foul Ball, location: 2F 2-2: Foul Ball, location: 2F 2-2: Fly out, F8 (Line Drive, 8RM, EV 93.8 MPH)
|
| Top of the 7th over - 1 run, 2 hits, 0 errors, 1 left on base; Birmingham 2 - Northwest Arkansas 0 |
| BOTTOM OF THE 7TH |
|
Northwest Arkansas Naturals batting - Pitching for Birmingham Barons : RHP Matt Constantino
|
|
Batting: RHB Alex Cid
|
0-0: Ball 1-0: Foul Ball, location: 2F 1-1: SINGLE (Line Drive, 8RS, EV 110.0 MPH)
|
|
Batting: RHB Andy Urquhart
|
0-0: Ball 1-0: Ball 2-0: Ball 3-0: Base on Balls Alex Cid to second
|
|
Batting: LHB Joe Cozart
|
0-0: Ball 1-0: Called Strike 1-1: Ball 2-1: Fly out, F8 (Flyball, 8LM, EV 93.1 MPH)
|
|
Batting: RHB Kevin Allen
|
0-0: Ball 1-0: Ball 2-0: Ball 3-0: Called Strike 3-1: Base on Balls Alex Cid to third Andy Urquhart to second
|
|
Batting: RHB Eric Erickson
|
0-0: Swinging Strike 0-1: Ball 1-1: Ball 2-1: Ball 3-1: SINGLE (Groundball, 6, EV 86.9 MPH) (infield hit) Alex Cid scores Andy Urquhart to third Kevin Allen to second
|
|
Pinch Hitting: LHB Josh Moore
|
0-0: Ball 1-0: Called Strike 1-1: Fly out, F9 (Flyball, 89XD, EV 101.9 MPH) Runner from 3rd tags up, SCORES, no throw by RF Kevin Allen to third
|
|
Batting: SHB Danny Ballenger
|
0-0: Ball Wild Pitch! Kevin Allen scores Eric Erickson to second 1-0: Ball 2-0: Called Strike 2-1: Called Strike 2-2: Foul Ball, location: 2F 2-2: Strikes out swinging
|
| Bottom of the 7th over - 3 runs, 2 hits, 0 errors, 1 left on base; Birmingham 2 - Northwest Arkansas 3 |
| TOP OF THE 8TH |
|
Birmingham Barons batting - Pitching for Northwest Arkansas Naturals : RHP Kevin Tumbleson
|
|
Pitching: RHP Junsuke Abe
|
|
|
Now at 2B: Marcos Cortez
|
|
|
Batting: RHB Josiah Wright
|
0-0: Ball 1-0: Foul Ball, location: 2F 1-1: Swinging Strike 1-2: Fly out, F3 (Line Drive, 3, EV 72.5 MPH)
|
|
Batting: LHB Dalton Silveira
|
0-0: Ball 1-0: Foul Ball, location: 2F 1-1: Foul Ball, location: 2F 1-2: Ball 2-2: Foul Ball, location: 2F 2-2: Foul Ball, location: 2F 2-2: Ball 3-2: Base on Balls
|
|
Batting: SHB Josh Conner
|
0-0: SINGLE (Groundball, 4D, EV 103.8 MPH) Dalton Silveira to second Runner from 2nd tries for 3rd, SAFE, throw by RF made at trailing runner, OUT! 9-6
|
|
Pinch Hitting: LHB Ryan Dyal
|
0-0: Ball 1-0: Called Strike 1-1: Foul Ball, location: 2F 1-2: Ball 2-2: Ball 3-2: Base on Balls
|
|
Batting: LHB Justin Stickney
|
0-0: Ball 1-0: Called Strike 1-1: Swinging Strike 1-2: Ball 2-2: Strikes out swinging
|
| Top of the 8th over - 0 runs, 1 hit, 0 errors, 2 left on base; Birmingham 2 - Northwest Arkansas 3 |
| BOTTOM OF THE 8TH |
|
Northwest Arkansas Naturals batting - Pitching for Birmingham Barons : RHP Matt Constantino
|
|
Now at 2B: Ryan Dyal
|
|
|
Batting: SHB Ryoji Hiraoka
|
0-0: SINGLE (Flyball, 4MD, EV 88.8 MPH)
|
|
Batting: RHB Kazuki Arai
|
0-0: Sac Bunt to 13S - play at first, batter OUT! 1-3 Ryoji Hiraoka to second
|
|
Batting: RHB Alex Cid
|
0-0: Ball 1-0: Ball 2-0: Ball 3-0: Base on Balls
|
|
Pitching: LHP Silas Chartier
|
|
|
Batting: RHB Andy Urquhart
|
0-0: Ball 1-0: Ball 2-0: Called Strike 2-1: Called Strike 2-2: Foul Ball, location: 2F 2-2: Foul Ball, location: 2F 2-2: Fly out, F8 (Line Drive, 89D, EV 93.8 MPH) Runner from 2nd tags up, SAFE at 3rd, no throw by CF
|
|
Batting: LHB Joe Cozart
|
0-0: Foul Ball, location: 2F 0-1: Foul Ball, location: 2F 0-2: Strikes out swinging
|
| Bottom of the 8th over - 0 runs, 1 hit, 0 errors, 2 left on base; Birmingham 2 - Northwest Arkansas 3 |
| TOP OF THE 9TH |
|
Birmingham Barons batting - Pitching for Northwest Arkansas Naturals : RHP Junsuke Abe
|
|
Pitching: RHP Matthew Orphan
|
|
|
Pinch Hitting: LHB Larry Myers
|
0-0: Ball 1-0: Foul Ball, location: 2F 1-1: Fly out, F8 (Flyball, 8RD, EV 93.8 MPH)
|
|
Batting: RHB Kevin Chafe
|
0-0: SOLO HOME RUN (Flyball, 78XD, EV 108.1 MPH), Distance : 434 ft
|
|
Pinch Hitting: LHB Matt Hyde
|
0-0: Fly out, F8 (Flyball, 8LM, EV 91.9 MPH)
|
|
Batting: SHB Jay Gagnon
|
0-0: Swinging Strike 0-1: Fly out, F9 (Flyball, 9S, EV 96.9 MPH)
|
| Top of the 9th over - 1 run, 1 hit, 0 errors, 0 left on base; Birmingham 3 - Northwest Arkansas 3 |
| BOTTOM OF THE 9TH |
|
Northwest Arkansas Naturals batting - Pitching for Birmingham Barons : LHP Silas Chartier
|
|
Now at C: Noel Wilson
|
|
|
Now in RF: Larry Myers
|
|
|
Batting: RHB Kevin Allen
|
0-0: Called Strike 0-1: Foul Ball, location: 2F 0-2: Ball 1-2: Ball 2-2: Strikes out swinging
|
|
Batting: RHB Eric Erickson
|
0-0: Ball 1-0: Called Strike 1-1: Ball 2-1: Called Strike 2-2: Foul Ball, location: 2F 2-2: Ball 3-2: Fly out, F8 (Flyball, 78M, EV 86.2 MPH)
|
|
Batting: SHB Marcos Cortez
|
0-0: Swinging Strike 0-1: Swinging Strike 0-2: Foul Ball, location: 2F 0-2: Ball 1-2: Ball 2-2: SINGLE (Groundball, 4, EV 105.0 MPH)
|
|
Batting: SHB Danny Ballenger
|
0-0: Called Strike 0-1: Ground out 5-3 (Groundball, 56S, EV 83.1 MPH)
|
| Bottom of the 9th over - 0 runs, 1 hit, 0 errors, 1 left on base; Birmingham 3 - Northwest Arkansas 3 |
| TOP OF THE 10TH |
|
Birmingham Barons batting - Pitching for Northwest Arkansas Naturals : RHP Matthew Orphan
|
|
Batting: RHB Josiah Wright
|
0-0: Called Strike 0-1: Ball 1-1: Ball 2-1: Ball 3-1: Ground out 6-3 (Groundball, 4MS, EV 85.6 MPH)
|
|
Batting: LHB Dalton Silveira
|
0-0: Ball 1-0: Called Strike 1-1: Ball 2-1: Swinging Strike 2-2: Foul Ball, location: 2F 2-2: Foul Ball, location: 2F 2-2: Strikes out swinging
|
|
Batting: SHB Josh Conner
|
0-0: Ground out 5-3 (Groundball, 56S, EV 89.4 MPH)
|
| Top of the 10th over - 0 runs, 0 hits, 0 errors, 0 left on base; Birmingham 3 - Northwest Arkansas 3 |
| BOTTOM OF THE 10TH |
|
Northwest Arkansas Naturals batting - Pitching for Birmingham Barons : LHP Silas Chartier
|
|
Pitching: RHP Maury Compson
|
|
|
Batting: SHB Ryoji Hiraoka
|
0-0: Ball 1-0: Called Strike 1-1: Ball 2-1: Ground out 4-3 (Groundball, 34, EV 93.8 MPH)
|
|
Batting: RHB Kazuki Arai
|
0-0: Ball 1-0: Ground out U3 (Groundball, 34, EV 80.0 MPH)
|
|
Batting: RHB Alex Cid
|
0-0: Called Strike 0-1: Ball 1-1: Ball 2-1: Ball 3-1: Base on Balls
|
|
Batting: RHB Andy Urquhart
|
0-0: Called Strike 0-1: Foul Ball, location: 2F 0-2: Foul Ball, location: 2F 0-2: Strikes out looking
|
| Bottom of the 10th over - 0 runs, 0 hits, 0 errors, 1 left on base; Birmingham 3 - Northwest Arkansas 3 |
| TOP OF THE 11TH |
|
Birmingham Barons batting - Pitching for Northwest Arkansas Naturals : RHP Matthew Orphan
|
|
Batting: LHB Ryan Dyal
|
0-0: Ball 1-0: Foul Ball, location: 2F 1-1: Ball 2-1: Foul Ball, location: 2F 2-2: Strikes out looking
|
|
Batting: LHB Justin Stickney
|
0-0: Called Strike 0-1: Called Strike 0-2: Ball 1-2: Strikes out looking
|
|
Pitching: RHP Brian Straub
|
|
|
Batting: LHB Larry Myers
|
0-0: Ball 1-0: Swinging Strike 1-1: Called Strike 1-2: Ball 2-2: SINGLE (Groundball, 3D, EV 110.0 MPH)
|
|
Batting: RHB Kevin Chafe
|
0-0: Called Strike 0-1: Called Strike 0-2: Strikes out looking
|
| Top of the 11th over - 0 runs, 1 hit, 0 errors, 1 left on base; Birmingham 3 - Northwest Arkansas 3 |
| BOTTOM OF THE 11TH |
|
Northwest Arkansas Naturals batting - Pitching for Birmingham Barons : RHP Maury Compson
|
|
Batting: LHB Joe Cozart
|
0-0: Foul Ball, location: 2F 0-1: Called Strike 0-2: Ball 1-2: Foul Ball, location: 2F 1-2: Ball 2-2: Ball 3-2: Strikes out looking
|
|
Batting: RHB Kevin Allen
|
0-0: Ball 1-0: Foul Ball, location: 2F 1-1: Ball 2-1: Ball 3-1: Base on Balls
|
|
Batting: RHB Eric Erickson
|
0-0: Ball 1-0: Bunt missed! 1-1: Ball Kevin Allen steals 2nd base 2-1: Called Strike 2-2: Strikes out looking
|
|
Pitching: RHP Jon Manwaring
|
|
|
Batting: SHB Marcos Cortez
|
0-0: Ball 1-0: Swinging Strike 1-1: Foul Ball, location: 2F 1-2: Ball 2-2: Strikes out swinging
|
| Bottom of the 11th over - 0 runs, 0 hits, 0 errors, 1 left on base; Birmingham 3 - Northwest Arkansas 3 |
| TOP OF THE 12TH |
|
Birmingham Barons batting - Pitching for Northwest Arkansas Naturals : RHP Brian Straub
|
|
Batting: LHB Noel Wilson
|
0-0: Ball 1-0: Ground out 4-3 (Groundball, 4, EV 106.2 MPH)
|
|
Batting: SHB Jay Gagnon
|
0-0: Fly out, F5 (Popup, 25F, EV 80.0 MPH)
|
|
Batting: RHB Josiah Wright
|
0-0: Called Strike 0-1: Ball 1-1: Ball 2-1: Swinging Strike 2-2: Ground out 1-3 (Groundball, 15S, EV 64.4 MPH)
|
| Top of the 12th over - 0 runs, 0 hits, 0 errors, 0 left on base; Birmingham 3 - Northwest Arkansas 3 |
| BOTTOM OF THE 12TH |
|
Northwest Arkansas Naturals batting - Pitching for Birmingham Barons : RHP Jon Manwaring
|
|
Batting: SHB Danny Ballenger
|
0-0: Called Strike 0-1: Ball 1-1: Called Strike 1-2: Strikes out looking
|
|
Batting: SHB Ryoji Hiraoka
|
0-0: Ball 1-0: SINGLE (Groundball, 4D, EV 98.8 MPH)
|
|
Batting: RHB Kazuki Arai
|
0-0: Ball Ryoji Hiraoka steals 2nd base 1-0: Foul Ball, location: 2F 1-1: Foul Ball, location: 2F 1-2: Fly out, F3 (Popup, 3, EV 58.1 MPH)
|
|
Batting: RHB Alex Cid
|
0-0: Ball 1-0: Ball 2-0: Ball 3-0: Base on Balls
|
|
Batting: RHB Andy Urquhart
|
0-0: Foul Ball, location: 2F 0-1: Called Strike 0-2: Ball 1-2: Ball 2-2: Strikes out swinging, 2-3 out at first.
|
| Bottom of the 12th over - 0 runs, 1 hit, 0 errors, 2 left on base; Birmingham 3 - Northwest Arkansas 3 |
| TOP OF THE 13TH |
|
Birmingham Barons batting - Pitching for Northwest Arkansas Naturals : RHP Brian Straub
|
|
Batting: LHB Dalton Silveira
|
0-0: Ground out 4-3 (Groundball, 4, EV 93.8 MPH)
|
|
Batting: SHB Josh Conner
|
0-0: Called Strike 0-1: Foul Ball, location: 2F 0-2: Strikes out looking
|
|
Batting: LHB Ryan Dyal
|
0-0: Called Strike 0-1: Ball 1-1: Fly out, F8 (Flyball, 8LM, EV 93.8 MPH)
|
| Top of the 13th over - 0 runs, 0 hits, 0 errors, 0 left on base; Birmingham 3 - Northwest Arkansas 3 |
| BOTTOM OF THE 13TH |
|
Northwest Arkansas Naturals batting - Pitching for Birmingham Barons : RHP Jon Manwaring
|
|
Batting: LHB Joe Cozart
|
0-0: Swinging Strike 0-1: Called Strike 0-2: Strikes out swinging
|
|
Batting: RHB Kevin Allen
|
0-0: Called Strike 0-1: Ball 1-1: Ball 2-1: Foul Ball, location: 2F 2-2: Strikes out swinging
|
|
Batting: RHB Eric Erickson
|
0-0: Ball 1-0: SINGLE (Line Drive, 8RS, EV 91.9 MPH)
|
|
Batting: SHB Marcos Cortez
|
0-0: Ball Eric Erickson steals 2nd base 1-0: Fly out, F9 (Flyball, 89M, EV 90.6 MPH)
|
| Bottom of the 13th over - 0 runs, 1 hit, 0 errors, 1 left on base; Birmingham 3 - Northwest Arkansas 3 |
| TOP OF THE 14TH |
|
Birmingham Barons batting - Pitching for Northwest Arkansas Naturals : RHP Brian Straub
|
|
Pitching: RHP Philip Terrell
|
|
|
Batting: LHB Justin Stickney
|
0-0: SINGLE (Groundball, 34D, EV 94.4 MPH)
|
|
Batting: LHB Larry Myers
|
0-0: Fly out, F4 (Popup, 4M, EV 75.6 MPH)
|
|
Batting: RHB Kevin Chafe
|
0-0: Ball 1-0: Ball 2-0: Ball 3-0: Base on Balls Justin Stickney to second
|
|
Pinch Runner at 2nd Jason Bresnahan:
|
|
|
Batting: LHB Noel Wilson
|
0-0: Ball 1-0: Called Strike 1-1: DOUBLE (Line Drive, 78D, EV 109.4 MPH) Jason Bresnahan scores Kevin Chafe to third
|
|
Batting: SHB Jay Gagnon
|
0-0: Foul Ball, location: 2F 0-1: Ball 1-1: TRIPLE (Flyball, 9D, EV 86.9 MPH) Kevin Chafe scores Noel Wilson scores
|
|
Batting: RHB Josiah Wright
|
0-0: Ball 1-0: Ball 2-0: Called Strike 2-1: Ball 3-1: Swinging Strike 3-2: SINGLE (Groundball, 4MD, EV 80.6 MPH) (infield hit) Jay Gagnon scores
|
|
Pitching: RHP Justin Potts
|
|
|
Batting: LHB Dalton Silveira
|
0-0: Ball 1-0: Ball 2-0: Ball 3-0: Swinging Strike 3-1: Called Strike Josiah Wright steals 2nd base 3-2: Ground out 4-3 (Groundball, 34D, EV 92.5 MPH) Josiah Wright to third
|
|
Batting: SHB Josh Conner
|
0-0: Ball 1-0: Ball 2-0: Ball 3-0: Base on Balls
|
|
Batting: LHB Ryan Dyal
|
0-0: Called Strike 0-1: Ball 1-1: Ball 2-1: SINGLE (Line Drive, 5D, EV 108.1 MPH) Josiah Wright scores Josh Conner to second Runner from 2nd tries for 3rd, SAFE, throw by LF made to third
|
|
Batting: SHB Jason Bresnahan
|
0-0: Called Strike 0-1: Fielders Choice at 2nd, 6-4 (Groundball, 56, EV 83.1 MPH)
|
| Top of the 14th over - 5 runs, 5 hits, 0 errors, 2 left on base; Birmingham 8 - Northwest Arkansas 3 |
| BOTTOM OF THE 14TH |
|
Northwest Arkansas Naturals batting - Pitching for Birmingham Barons : RHP Jon Manwaring
|
|
Now at 1B: Dalton Silveira
|
|
|
Now at SS: Jason Bresnahan
|
|
|
Batting: SHB Danny Ballenger
|
0-0: SINGLE (Line Drive, 56, EV 100.6 MPH)
|
|
Batting: SHB Ryoji Hiraoka
|
0-0: Called Strike 0-1: Ball 1-1: Ball 2-1: Foul Ball, location: 2F 2-2: SINGLE (Groundball, 4D, EV 96.2 MPH) Danny Ballenger to second
|
|
Batting: RHB Kazuki Arai
|
0-0: Ball 1-0: Foul Ball, location: 2F 1-1: Swinging Strike 1-2: Ball 2-2: Foul Ball, location: 2F 2-2: Fielders Choice at 2nd, 2-4 (Groundball, 15S, EV 55.6 MPH) Danny Ballenger to third
|
|
Batting: RHB Alex Cid
|
0-0: Called Strike 0-1: Foul Ball, location: 2F 0-2: Strikes out looking
|
|
Pitching: LHP Jimmy Ford
|
|
|
Batting: RHB Andy Urquhart
|
0-0: Ball Wild Pitch! Danny Ballenger scores Kazuki Arai to second 1-0: Ball 2-0: Called Strike 2-1: Ball 3-1: Foul Ball, location: 2F 3-2: Foul Ball, location: 2F 3-2: Foul Ball, location: 2F 3-2: Foul Ball, location: 2F 3-2: Foul Ball, location: 2F 3-2: Strikes out looking
|
| Bottom of the 14th over - 1 run, 2 hits, 0 errors, 1 left on base; Birmingham 8 - Northwest Arkansas 4 |
|